 Dungeon Crawl Stone Soup version 0.21.1-1-g345015f (webtiles) character file.

55 kae the Insei (level 3, -1/27 HPs)
             Began as a Demonspawn Transmuter on May 19, 2018.
             Slain by an adder (5 damage)
             ... on level 2 of the Dungeon.
             The game lasted 00:02:32 (2504 turns).

kae the Insei (Demonspawn Transmuter)               Turns: 2504, Time: 00:02:33

Health: -1/27      AC:  2    Str: 10    XL:     3   Next: 67%
Magic:  5/6        EV: 12    Int: 14    God:
Gold:   70         SH:  0    Dex: 14    Spells: 5/6 levels left

rFire    . . .     SeeInvis .     - Unarmed
rCold    . . .     Gourm    .   (no shield)
rNeg     . . .     Faith    .   b - +0 robe
rPois    .         Spirit   .   (no helmet)
rElec    .         Reflect  .   (no cloak)
rCorr    .         Harm     .   (no gloves)
MR       .....                  (no boots)
Stlth    +.........             (no amulet)
HPRegen  0.09/turn              (no ring)
MPRegen  0.10/turn              (no ring)

@: lethally poisoned (-1 -> -10), appendage
A: horns 2, demonic guardian 1
a: End Transformation


You were on level 2 of the Dungeon.
You were not hungry.
You had grown temporary horns.
You visited 1 branch of the dungeon, and saw 2 of its levels.

You collected 70 gold pieces.

Inventory:

Missiles
 a - 23 arrows
Armour
 b - a +0 robe (worn)
Jewellery
 j - an uncursed ring of wizardry {unknown}
Scrolls
 e - a scroll of remove curse
 g - 2 scrolls of identify {unknown}
 k - a scroll of immolation {unknown}
Potions
 h - 2 potions of agility
 i - a potion of ambrosia {unknown}
Books
 c - a book of Changes

   Spells                             Type                      Level
   a - Beastly Appendage              Transmutation                1
   b - Sticks to Snakes               Transmutation                2
   c - Spider Form                    Transmutation/Poison         3
   d - Ice Form                       Ice/Transmutation            4
   e - Blade Hands                    Transmutation                5
Comestibles
 d - 5 rations


   Skills:
 + Level 1.7 Fighting
 - Level 1.7 Dodging
 * Level 3.3 Unarmed Combat
 + Level 2.3 Spellcasting
 * Level 2.4 Transmutations


You had 5 spell levels left.
You knew the following spells:

 Your Spells              Type           Power        Failure   Level  Hunger
a - Beastly Appendage     Tmut           #.....       9%          1    #......


Dungeon Overview and Level Annotations

Branches:
Dungeon (2/15)

Altars:
Elyvilon

Annotations:
D:2 Sigmund


Innate Abilities, Weirdness & Mutations

A weak demonic guardian rushes to your aid.
You have a pair of horns on your head.


Message History

The adder closely misses you.
You hit the adder.
The adder is almost dead.
You feel sick. The adder closely misses you.
You barely miss the adder.
You headbutt the adder, but do no damage.
The adder is almost dead.
The adder bites you.
* * * LOW HITPOINT WARNING * * *
You miss the adder.
The adder is almost dead.
* * * LOW HITPOINT WARNING * * *
You feel sick. The adder bites you.
* * * LOW HITPOINT WARNING * * *
You are more poisoned.
The adder poisons you! The adder misses you.
You miss the adder. Your headbutt misses the adder.
The adder is almost dead.
The adder bites you.
You die...

#............).#......#
#..........###.#......#
♣#..#.....#.#..........#
♣.......#.#.#.#.#......#
♣#..#...#.#'#.###......#
#..##.<#.....# ###.####
#..##..#.....#####.#
#..##..#S....#.....#####
#.>....@.....#.....<....
##########............#......####
.........<..###.#####.######.####
###....#.#.## #.......# #..... #
###.##.#.# ######### #.#### #
#.##.#.####### ###.# # #
#............# #...# #
######################.###
#....................#


You could see an adder.

Vanquished Creatures
  An adder (D:2)
  A dart slug (D:1)
  A leopard gecko (D:2)
  5 bats
  A giant cockroach (D:1)
  5 hobgoblins
  3 jackals (D:1)
  11 kobolds
  A frilled lizard (D:1)
  4 goblins
  8 rats
41 creatures vanquished.

Vanquished Creatures (collateral kills)
  A kobold (D:2)
1 creature vanquished.

Grand Total: 42 creatures vanquished

Notes
Turn   | Place    | Note
-------+----------+-------------------------------------------
     0 | D:1      | kae the Demonspawn Transmuter began the quest for the Orb.
     0 | D:1      | Reached XP level 1. HP: 15/15 MP: 3/3
   296 | D:1      | Gained mutation: A weak demonic guardian rushes to your aid. [demonic ancestry]
   296 | D:1      | Reached XP level 2. HP: 19/21 MP: 3/5
   443 | D:1      | Reached skill level 3 in Unarmed Combat
  1228 | D:1      | Reached XP level 3. HP: 22/26 MP: 6/6
  1941 | D:2      | Noticed Sigmund
  2105 | D:2      | Found a white marble altar of Elyvilon.
  2504 | D:2      | Slain by an adder

Skill      XL: |  1  2 |
---------------+-------+-----
Transmutations | 2 |  2.4
Unarmed Combat | 3 |  3.3
Fighting       | |  1.7
Dodging        | |  1.7
Spellcasting   | |  2.3

Action                   || total
-------------------------++-------
Melee: Unarmed           ||   175
       Headbutt          ||     8
       Punch             ||     4
       Kick              ||     7
 Cast: Beastly Appendage ||    14
  Use: Scroll            ||     2
  Eat: Chunk             ||     5
Armor: Robe              ||    61
Dodge: Dodged            ||   160
